 Dungeon Crawl Stone Soup version 0.29-a0-557-g43b9904bd1 (webtiles) character file.

Game seed: 17087146028143438776

167 Hubjo the Insei (level 5, 0/39 HPs)
             Began as a Demonspawn Transmuter on June 8, 2022.
             Was a Believer of Ru.
             Slain by a gnoll
             ... wielding a +0 whip
             ... led by a gnoll shaman
              (4 damage)
             ... on level 4 of the Dungeon.
             The game lasted 00:04:41 (3431 turns).

Hubjo the Insei (Demonspawn Transmuter)             Turns: 3431, Time: 00:04:42

Health: 0/39       AC:  4    Str: 11    XL:     5   Next: 23%
Magic:  8/8        EV: 12    Int: 14    God:    Ru [**....]
Gold:   179        SH:  4    Dex: 15    Spells: 4/9 levels left

rFire   . . .      SeeInvis .     - Unarmed
rCold   . . .      Faith    .   (no shield)
rNeg    . . .      Spirit   .   a - +0 robe
rPois   .          Reflect  .   (helmet currently unavailable)
rElec   .          Harm     .   (no cloak)
rCorr   .          Rampage  .   (no gloves)
Will    .....                   (boots currently unavailable)
Stlth   ++........              (no amulet)
HPRegen 0.13/turn               (no ring)
MPRegen 0.11/turn               (no ring)

@: appendages (expiring)
A: horns 2, talons 2, molten scales 1, inability to use devices, condensation
shield, demonic magic 1
a: End Transformation, Renounce Religion


You were on level 4 of the Dungeon.
You worshipped Ru.
Ru was pleased with you.
You had temporarily grown beastly horns and talons.
You visited 1 branch of the dungeon, and saw 4 of its levels.

You collected 179 gold pieces.

Inventory:

Hand Weapons
 o - a +6 dagger of venom
Missiles
 f - a throwing net
Armour
 a - a +0 robe (worn)
Scrolls
 d - a scroll of blinking
 h - a scroll of fog
 j - a scroll of silence
 m - 5 scrolls of teleportation
 n - a scroll of summoning
 p - a scroll of amnesia
 q - a scroll of enchant weapon
 r - a scroll of vulnerability
Potions
 b - a potion of lignification
 c - a potion of ambrosia {unknown}
 e - a potion of degeneration {unknown}
 g - a potion of heal wounds {unknown}
 k - 2 potions of might {unknown}
 l - 2 potions of curing {unknown}


   Skills:
 + Level 2.4 Fighting
 - Level 1.7 Dodging
 + Level 1.6 Stealth
 + Level 3.2 Unarmed Combat
 + Level 2.6 Spellcasting
 * Level 3.0 Transmutations
 + Level 0.6 Ice Magic


You had 4 spell levels left.
You knew the following spells:

 Your Spells              Type           Power      Damage    Failure   Level
a - Beastly Appendage     Tmut           20%        N/A       6%          1
b - Ice Form              Ice/Tmut       7%         N/A       71%         4

Your spell library contained the following spells:

 Spells                   Type           Power      Damage    Failure   Level
 Wereblood                Tmut           10%        N/A       10%         2
 Foxfire                  Conj/Fire      4%         2x1d4     22%         1
 Magic Dart               Conj           4%         1d3       22%         1
 Call Imp                 Summ           1%         N/A       34%         2
 Spider Form              Tmut/Pois      6%         N/A       34%         3
 Call Canine Familiar     Summ           1%         N/A       56%         3
 Conjure Flame            Conj/Fire      1%         6-21      56%         3
 Inner Flame              Hex/Fire       1%         N/A       56%         3
 Mephitic Cloud           Conj/Pois/Air  1%         N/A       56%         3
 Portal Projectile        Hex/Tloc       2%         N/A       56%         3
 Flame Wave               Conj/Fire      1%         2d4       92%         4
 Leda's Liquefaction      Hex/Erth       0%         N/A       92%         4


Dungeon Overview and Level Annotations

Branches:
Dungeon (4/15)
 Temple: D:4-7

Altars:
Ru

Shops:
D:1 *

Annotations:
D:3 3 runed translucent doors, deepdelver's ghost, amateur KoHu; rabbitsville's ghost, amateur DjIE


Innate Abilities, Weirdness & Mutations

You have temporarily grown beastly horns and talons.
You are partially covered in molten scales. (AC +2)
You cannot study or use magical devices.
A meltable shield of frost defends you. (SH +4)
Spells you cast may paralyse adjacent enemies.


Message History

A gnoll is nearby!
A gnoll is nearby!
A gnoll is nearby!
Unknown command.
You grow a pair of large bovine horns.
Your feet morph into talons.
Malevolent energies surge around you.
A gnoll shaman comes into view. It is wielding a +0 whip.
The gnoll hits you with a +0 whip!
You barely miss the gnoll. You barely miss the gnoll. You headbutt the gnoll.
The gnoll is lightly wounded.
The gnoll hits you with a +0 whip.
You hit the gnoll but do no damage. You claw the gnoll, but do no damage.
Your headbutt misses the gnoll.
The gnoll is lightly wounded.
The gnoll hits you with a +0 whip.
You closely miss the gnoll. You claw the gnoll.
The gnoll is heavily wounded.
The gnoll hits you with a +0 whip.
You focus your inner power and illuminate the gnoll in retribution!
You redirect the gnoll shaman's attack!
The gnoll shaman calls upon its god to speed up the gnoll.
The gnoll seems to speed up.
You completely miss the gnoll. You claw the gnoll, but do no damage.
The gnoll is heavily wounded.
The gnoll barely misses you.
A gnoll comes into view. It is wielding a +0 whip.
The gnoll shouts!
You hit the gnoll shaman but do no damage.
Your transformation is almost over.
You hear a shout! x2
A hound comes into view.
You closely miss the gnoll shaman. You claw the gnoll shaman.
The gnoll shaman is lightly wounded.
The gnoll hits you with a +0 whip.
The gnoll shaman hits you with a +0 whip!
* * * LOW HITPOINT WARNING * * *
A gnoll comes into view. It is wielding a +0 halberd.
The gnoll hits you with a +0 whip.
You die...

#.....# #.....#
# #.....# ..#
#.....# ....
#.....#
#...#.....#
#....<...##
#####.....#
#@#.....#
......gg##.....
.......g# .....
......... ....
......... ...
..h.....#. ...
#######.## #g#


You could see a gnoll shaman, a hound and 3 gnolls.

Vanquished Creatures
  Jessica (D:2)
  Ijyb (D:3)
  Terence (D:3)
  2 adders
  2 worms
  A dart slug (D:2)
  An orc (D:3)
  6 ball pythons
  An endoplasm (D:2)
  2 giant cockroaches (D:1)
  8 goblins
  5 hobgoblins
  2 jackals (D:1)
  6 kobolds
  7 quokkas
  7 bats
  4 frilled lizards
  4 rats
61 creatures vanquished.

Vanquished Creatures (others)
  A fungus (D:1)
  6 withered plants (D:3)
7 creatures vanquished.

Grand Total: 68 creatures vanquished

Notes
Turn   | Place    | Note
-------+----------+-------------------------------------------
     0 | D:1      | Hubjo the Demonspawn Transmuter began the quest for the
                  | Orb.
     0 | D:1      | Reached XP level 1. HP: 15/15 MP: 3/3
   212 | D:1      | Gained mutation: A meltable shield of frost defends you.
                  | (SH +4) [demonic ancestry]
   212 | D:1      | Reached XP level 2. HP: 16/21 MP: 5/5
   812 | D:1      | Found Kyseiri's Assorted Antiques.
   832 | D:1      | Gained mutation: Spells you cast may paralyse adjacent
                  | enemies. [demonic ancestry]
   832 | D:1      | Reached XP level 3. HP: 26/27 MP: 4/6
   845 | D:1      | Reached skill level 1 in Stealth
   877 | D:1      | Found a faded altar of an unknown god.
   902 | D:1      | Prayed at the altar of an unknown god.
   902 | D:1      | Became a worshipper of Ru the Awakened
   916 | D:1      | Gained mutation: You cannot study or use magical devices.
                  | [Ru sacrifice]
   916 | D:1      | Reached * piety under Ru
   916 | D:1      | Reached ** piety under Ru
   932 | D:1      | You fall into a shaft and drop 1 floor!
  1231 | D:2      | Noticed Jessica
  1241 | D:2      | Killed Jessica
  1242 | D:2      | Reached XP level 4. HP: 11/33 MP: 7/7
  1517 | D:2      | Learned a level 4 spell: Ice Form
  2067 | D:3      | Noticed Terence
  2075 | D:3      | Killed Terence
  2488 | D:3      | Found a runed translucent gate.
  2490 | D:3      | Found a runed translucent gate.
  2552 | D:3      | Found a runed translucent gate.
  2552 | D:3      | Noticed deepdelver's ghost (amateur KoHu)
  2553 | D:3      | Noticed rabbitsville's ghost (amateur DjIE)
  3025 | D:3      | Noticed Ijyb
  3057 | D:3      | Killed Ijyb
  3058 | D:3      | Gained mutation: You are partially covered in molten
                  | scales. (AC +2) [demonic ancestry]
  3058 | D:3      | Reached XP level 5. HP: 9/39 MP: 8/8
  3431 | D:4      | Slain by a gnoll

Illustrated notes

Levels and vault maps discovered:
D:1:      minmay_arrival_semitransparent, layout_basic,
          dreamdust_ecumenical_altar_grove, serial_shops, shop, hex_intersection
D:2:      layout_basic, uniq_jessica
D:3:      layout_loops_ring, gammafunk_ghost_cemetery,
          kennysheep_generic_room_5, uniq_ijyb, uniq_terence
D:4:      layout_rooms, portal_sewer_entry_a

Skill      XL: |  1  2  3  4 |
---------------+-------------+-----
Transmutations | 2 3 |  3.0
Stealth        | 1 |  1.6
Unarmed Combat | 3 |  3.2
Fighting       | 2 |  2.4
Dodging        | |  1.7
Spellcasting   | |  2.6
Ice Magic      | |  0.6

Action                   |  1- 3 |  4- 6 || total
-------------------------+-------+-------++-------
Melee: Unarmed           |   112 |    75 ||   187
       Kick              |    26 |    23 ||    49
       Headbutt          |    19 |    10 ||    29
       Punch             |     5 |     1 ||     6
 Cast: Beastly Appendage |    28 |    22 ||    50
Invok: Sacrifice Artific |     1 |       ||     1
  Use: Scroll            |       |     9 ||     9
 Stab: Sleeping          |     1 |     4 ||     5
       Paralysed         |       |     3 ||     3
Armor: Robe              |    17 |     6 ||    23
Dodge: Dodged            |    64 |    35 ||    99
Block: Other             |     9 |    11 ||    20

Table legend: (Time is in decaauts)
 A = Elapsed time spent in this place.
 B = Non-inter-level travel time spent in this place.
 C = Inter-level travel time spent in this place.
 D = Time resting spent in this place.
 E = Time spent auto-exploring this place.
 F = Levels seen in this place.
 G = Mean time per level.
                   A        B        C        D        E       F      G
               +--------+--------+--------+--------+--------+-----+--------+
         Total |   3419 |   3346 |     73 |      0 |   2827 |   4 |  854.8 |
       Dungeon |   3419 |   3346 |     73 |      0 |   2827 |   4 |  854.8 |
               +--------+--------+--------+--------+--------+-----+--------+

Top non-repeatable levels by time:
     D:3: 1350 daAuts
     D:2: 1131 daAuts
     D:1: 927 daAuts
     D:4: 9 daAuts
